 Dungeon Crawl Stone Soup version 0.22-a0-406-g9ff8d77 (webtiles) character file.

533 Borgoz the Covered (level 7, -4/44 HPs)
             Began as a Gargoyle Fighter on May 8, 2018.
             Slain by Duvessa
             ... wielding a +0 rapier
              (5 damage)
             ... on level 5 of the Dungeon.
             The game lasted 00:05:08 (4112 turns).

Borgoz the Covered (Gargoyle Fighter)               Turns: 4112, Time: 00:05:10

Health: -4/44      AC: 12    Str: 19    XL:     7   Next: 24%
Magic:  7/7        EV:  8    Int:  9    God:
Gold:   230        SH:  9    Dex: 11    Spells: 6/6 levels left

rFire    . . .     SeeInvis .   a - +0 war axe
rCold    . . .     Gourm    .   c - +0 shield
rNeg     + . .     Faith    .   b - +0 scale mail
rPois    ∞         Spirit   .   (no helmet)
rElec    +         Reflect  .   (no cloak)
rCorr    .         Harm     .   (no gloves)
MR       .....                  (no boots)
Stlth    ..........             (no amulet)
HPRegen  0.14/turn              (no ring)
MPRegen  0.10/turn              (no ring)

@: flying, very slightly contaminated, invisible
A: negative energy resistance 1, electricity resistance, unbreathing,
petrification resistance, rot immunity, AC +4
a: no special abilities


You were on level 5 of the Dungeon.
You were not hungry.

You visited 1 branch of the dungeon, and saw 6 of its levels.

You collected 230 gold pieces.

Inventory:

Hand Weapons
 a - a +0 war axe (weapon)
Armour
 b - a +0 scale mail (worn)
 c - a +0 shield (worn)
Wands
 o - a wand of enslavement (15)
 p - a wand of digging (10)
Scrolls
 e - 4 scrolls of amnesia {unknown}
 g - 9 scrolls of identify {unknown}
 h - a scroll of enchant weapon {unknown}
 i - a scroll of fear {unknown}
 l - 2 scrolls of teleportation {unknown}
 n - a scroll of remove curse {unknown}
 r - a scroll of random uselessness {unknown}
 s - a scroll of magic mapping {unknown}
 v - a scroll of blinking {unknown}
Potions
 j - a potion of mutation {unknown}
 k - a potion of magic {unknown}
 u - 2 potions of curing
Comestibles
 f - 9 rations
 w - a chunk of flesh


   Skills:
 + Level 5.1 Fighting
 + Level 3.8 Axes
 + Level 5.2 Armour
 + Level 2.8 Dodging
 - Level 3.2 Shields


You had 6 spell levels left.
You didn't know any spells.

Dungeon Overview and Level Annotations

Branches:
Dungeon (6/15)
 Temple: D:4-7

Altars:
Kikubaaqudgha
Makhleb
Nemelex Xobeh

Shops:
D:4 (

Annotations:
D:5 Dowan; Duvessa
D:6 dstrtnsr's ghost, novice DDFi


Innate Abilities, Weirdness & Mutations

You are resistant to torment.
Your stone body is resilient. (AC +4)
You are immune to poison.
You resist negative energy. (rN+)
You are resistant to electric shocks. (rElec)
You can survive without breathing.
You are immune to petrification.
You are immune to rotting.


Message History

It was a potion of flight.
You feel very buoyant.
You fly up into the air.
The centaur completely misses you. The ogre hits you but does no damage.
You block Duvessa's attack. The centaur closely misses you.
It was a potion of invisibility.
You fade into invisibility!
The ogre hits you with a giant club!
The centaur hits you but does no damage.
Duvessa barely misses you.
You are very lightly contaminated with residual magic.
The worker ant twitches its antennae in your direction.
You slash the ogre!
The ogre is heavily wounded.
You hit Duvessa but do no damage. You hit the centaur but do no damage.
The centaur hits you but does no damage.
The ogre hits you with a giant club!!
* * * LOW HITPOINT WARNING * * *
You block the centaur's attack. Duvessa hits you with a rapier.
You die...

#....# #.#
##....#######.#
#.............#
#.............#
#.............#
#.............#
#.............#
#.......(.....# #........
#.......@.....# #........
#......cOe....# #........
#####.....##### #........
#.....#######........
#.....##..c...# #.
#####.....##..O...######.
#........a...(..........O
#)###...(......(.........
#.###.....##############.


You could see Duvessa, an ogre, a centaur and a worker ant (wandering).

Vanquished Creatures
  An ogre (D:4)
  A hound (D:4)
  A jelly (D:6)
  Natasha (thrice) (D:3)
  An orc wizard (D:3)
  6 worker ants
  A hound zombie (D:6)
  5 adders
  An adder skeleton (D:4)
  2 worms
  A dart slug (D:3)
  5 leopard geckos
  6 orcs
  A giant cockroach (D:1)
  11 goblins
  6 hobgoblins
  4 jackals (D:4)
  7 kobolds
  6 bats
  7 frilled lizards
  A jackal skeleton (D:6)
  A quokka skeleton (D:4)
  8 rats
86 creatures vanquished.

Vanquished Creatures (others)
  A human (D:4)
1 creature vanquished.

Grand Total: 87 creatures vanquished

Notes
Turn   | Place    | Note
-------+----------+-------------------------------------------
     0 | D:1      | Borgoz the Gargoyle Fighter began the quest for the Orb.
     0 | D:1      | Reached XP level 1. HP: 14/14 MP: 1/1
   171 | D:1      | Reached XP level 2. HP: 15/19 MP: 2/2
   518 | D:2      | Found a burning altar of Makhleb.
   635 | D:2      | Reached XP level 3. HP: 19/23 MP: 3/3
   797 | D:2      | Reached skill level 1 in Dodging
   877 | D:2      | Reached XP level 4. HP: 25/29 MP: 4/4
  1350 | D:3      | Found a faded altar of an unknown god.
  1478 | D:3      | Noticed Natasha
  1487 | D:3      | Killed Natasha
  1715 | D:3      | Noticed Natasha
  1721 | D:3      | Killed Natasha
  1721 | D:3      | Reached XP level 5. HP: 20/33 MP: 5/5
  2249 | D:3      | Noticed Natasha
  2258 | D:3      | Killed Natasha
  2504 | D:4      | Noticed an ogre
  2511 | D:4      | HP: 1/34 [ogre/giant club (14)]
  2513 | D:4      | Killed an ogre
  2513 | D:4      | Reached XP level 6. HP: 1/39 MP: 6/6
  2794 | D:4      | Found Apifariz's Weapon Boutique.
  2890 | D:4      | Reached skill level 5 in Armour
  3362 | D:4      | Found an ancient bone altar of Kikubaaqudgha.
  3483 | D:4      | Reached skill level 5 in Fighting
  3483 | D:4      | Reached XP level 7. HP: 40/44 MP: 7/7
  3544 | D:4      | Noticed a human
  3545 | D:4      | Killed a human
  3645 | D:5      | Entered Level 5 of the Dungeon
  3779 | D:5      | Noticed Duvessa
  3780 | D:5      | Noticed Dowan
  3834 | D:6      | Found a sparkling altar of Nemelex Xobeh.
  4081 | D:6      | Noticed dstrtnsr's ghost (novice DDFi)
  4112 | D:5      | HP: 1/44 [ogre/giant club (18)]
  4112 | D:5      | Slain by Duvessa

Vault maps used:
D:1:      lordsloth_arrival_two_stooges, hex_medium
D:2:      bloody_makhleb
D:3:      serial_forest, infiniplex_forest_clump_tiny,
          infiniplex_forest_lined_2, infiniplex_forest_lined_room_,
          infiniplex_forest_clump_diagonal, infiniplex_forest_fountain,
          infiniplex_forest_clump_tiny, infiniplex_forest_clump_small,
          chequers_ecumenical_altar_island, minmay_distorted, uniq_natasha
D:4:      serial_shops, shop, minmay_misc_feat_hallway, tgw_kikubaaqudgha
D:5:      first_ration, uniq_duvessa
D:6:      nemelex_xobeh_ov_fountains_minmay, minmay_misc_feat_secret_circle,
          serial_park_tiny_pond, minmay_misc_feat_enclosed,
          hangedman_abyss_or_decor_stabs, uniq_blork_the_orc

Skill      XL: |  1  2  3  4  5  6 |
---------------+-------------------+-----
Axes           | 2 3 |  3.8
Dodging        | 1 2 |  2.8
Armour         | 4 5 |  5.2
Fighting       | 4 5 |  5.1
Shields        | |  3.2

Action                   |  1- 3 |  4- 6 |  7- 9 || total
-------------------------+-------+-------+-------++-------
Melee: War axe           |   114 |   193 |    31 ||   338
Throw: Throwing net      |       |     1 |       ||     1
  Use: Scroll            |     1 |       |       ||     1
       Potion            |       |     1 |     5 ||     6
 Stab: Held in net/web   |       |     1 |       ||     1
  Eat: Chunk             |       |     9 |     2 ||    11
Armor: Scale mail        |    64 |   112 |    23 ||   199
Dodge: Dodged            |    52 |    54 |    18 ||   124
Block: Shield            |    68 |   107 |    27 ||   202

Table legend:
 A = Spawn XP
 B = Non-spawn XP
 C = Spawn XP percentage of total XP
 D = Spawn monster count
 E = Non-spawn monster count
 F = Spawn count percentage of total count
 G = Total turns spent on level
                    A         B        C        D         E        F      G
               +---------+---------+-------+---------+---------+-------+---------
         Total |       0 |     762 |   0.0 |       0 |      86 |   0.0 |  4112
               +---------+---------+-------+---------+---------+-------+---------
           D:1 |       0 |      22 |   0.0 |       0 |      15 |   0.0 |   506
           D:2 |       0 |      70 |   0.0 |       0 |      19 |   0.0 |  1017
           D:3 |       0 |     212 |   0.0 |       0 |      28 |   0.0 |  1318
           D:4 |       0 |     327 |   0.0 |       0 |      18 |   0.0 |   804
           D:5 |       0 |       3 |   0.0 |       0 |       1 |   0.0 |   205
           D:6 |       0 |     128 |   0.0 |       0 |       5 |   0.0 |   262
               +---------+---------+-------+---------+---------+-------+---------
